 Dungeon Crawl Stone Soup version 0.18.1-8-gdd0e5ea (webtiles) character file.

420 quicksnap the Digger (level 6, -2/31 HPs)
             Began as a Gargoyle Earth Elementalist on June 11, 2016.
             Slain by a wyvern (13 damage)
             ... on level 4 of the Dungeon.
             The game lasted 00:35:30 (5038 turns).

quicksnap the Digger (Gargoyle Earth Elementalist)  Turns: 5038, Time: 00:35:30

Health: -2/31      AC:  9    Str: 13    XL:     6   Next: 94%
Magic:  5/11       EV: 13    Int: 16    God:
Gold:   153        SH:  0    Dex: 13    Spells: 2 memorised, 7 levels left

rFire  . . .     SeeInvis .     g - +0 club
rCold  . . .     Gourm    .     v - +0 robe
rNeg   + . .     Faith    .     (no shield)
rPois  ∞         Spirit   .     (no helmet)
rElec  +         Dismiss  .     (no cloak)
rCorr  .         Reflect  .     i - +2 pair of gloves {Dex+3}
SustAt .         Harm     .     (no boots)
MR     .....                    (no amulet)
Stlth  ++........               (no ring)
                                (no ring)

@: about to teleport, not resistant to hostile enchantments, unstealthy
A: blink, frail 1, negative energy resistance 1, electricity resistance,
unbreathing, petrification resistance, rot immunity, AC +4
a: Blink


You were on level 4 of the Dungeon.
You were not hungry.

You visited 1 branch of the dungeon, and saw 4 of its levels.

You collected 153 gold pieces.

Inventory:

Hand Weapons
 f - a +0 dagger
 g - a +0 club (weapon)
 s - a +0 war axe
Missiles
 b - 116 stones (quivered)
Armour
 a - a +0 robe
 i - a +2 pair of gloves of dexterity (worn)
 u - a +0 robe
 v - a +0 robe (worn)
 y - a +0 robe
Wands
 B - a wand of flame (10/48)
Scrolls
 e - 5 scrolls of remove curse
 n - a scroll of teleportation
 t - 2 scrolls of recharging
 x - a scroll of magic mapping
Potions
 l - 4 potions of curing
 p - a potion of might
 q - a potion of resistance {unknown}
 r - a potion of cancellation {unknown}
 z - a potion of ambrosia {unknown}
Books
 c - a book of Geomancy

   Spells                             Type                      Level
   a - Sandblast                      Earth                        1
   b - Passwall                       Transmutation/Earth          2
   c - Stone Arrow                    Conjuration/Earth            3
   d - Petrify                        Transmutation/Earth          4
   e - Lee's Rapid Deconstruction     Earth                        5
Comestibles
 d - a bread ration
 m - 2 meat rations
 o - a fruit
 w - a royal jelly


   Skills:
 + Level 1.6 Fighting
 + Level 1.2 Maces & Flails
 + Level 3.2 Dodging
 + Level 2.8 Stealth
 + Level 3.3 Spellcasting
 + Level 1.9 Conjurations
   Level 0.7 Transmutations
 + Level 5.5 Earth Magic
 + Level 0.1 Evocations


You had 7 spell levels left.
You knew the following spells:

 Your Spells              Type           Power        Failure   Level  Hunger
a - Sandblast             Erth           ###...       1%          1    None
b - Stone Arrow           Conj/Erth      ##....       12%         3    ###....


Dungeon Overview and Level Annotations

Branches:
Dungeon (4/15)
 Temple: D:4-7

Altars:
Fedhas
Pakellas

Shops:
D:4 =

Annotations:
D:4 Edmund


Innate Abilities, Weirdness & Mutations

You are resistant to torment.
Your stone body is resilient (AC +4).
You are immune to poison.
You resist negative energy.
You are resistant to electric shocks.
You can survive without breathing.
You are immune to petrification.
You are immune to rotting.
You can translocate small distances at will.
You are frail (-10% HP).


Message History

Press: ? - help, v - describe, . - travel The floor.
Casting: Sandblast
Confirm with . or Enter, or press ? or * to list all spells.
Aiming: Stone Arrow
Press: ? - help, Shift-Dir - straight line, f - wyvern
Aim: a wyvern The stone arrow misses the wyvern.
Casting: Stone Arrow
Confirm with . or Enter, or press ? or * to list all spells.
Aiming: Stone Arrow
Press: ? - help, Shift-Dir - straight line, f/p - wyvern
Aim: a wyvern The stone arrow hits the wyvern.
The wyvern is heavily wounded.
The wyvern bites you!
As you read the scroll of teleportation, it crumbles to dust.
You feel strangely unstable. The wyvern bites you! The wyvern bites you!
You die...

#.######..l.###...
#.# ##.#.#.....
#.# #.#.#.#.## #.#
#.#.#.#.#
#.#######@#.#.#.#
#.##.....[....#.#
#.##.####.#.###.#
#l##.## #.#.# #.##
#@#...###.#.# #...
#...........# #.##
###...###.### #.#
##......# #.#
##.##..### #..
##...#..#######..
#..............).
##...#..########
##.##..########..


You could see a wyvern.

Vanquished Creatures
  A scorpion (D:4)
  A howler monkey (D:4)
  A hound (D:4)
  2 giant frog skeletons (D:4)
  Jessica (D:3)
  2 orc wizards (D:4)
  A hound skeleton (D:4)
  3 adders
  An ooze (D:1)
  3 worms
  2 dart slugs (D:2)
  4 giant geckos
  9 orcs
  10 bats
  4 giant cockroaches
  11 goblins
  4 hobgoblins
  4 jackals
  A quokka (D:4)
  A giant newt (D:1)
  9 kobolds
  3 rats (D:1)
78 creatures vanquished.

Vanquished Creatures (others)
  An orc wizard (D:4)
1 creature vanquished.

Grand Total: 79 creatures vanquished

Notes
Turn   | Place    | Note
--------------------------------------------------------------
     0 | D:1      | quicksnap the Gargoyle Earth Elementalist began the quest for the Orb.
     0 | D:1      | Reached XP level 1. HP: 10/10 MP: 3/3
   102 | D:1      | Reached XP level 2. HP: 15/15 MP: 3/5
   416 | D:1      | Reached skill level 4 in Earth Magic
   977 | D:1      | Reached XP level 3. HP: 18/19 MP: 4/6
  1003 | D:1      | Learned a level 3 spell: Stone Arrow
  1859 | D:2      | Reached XP level 4. HP: 19/24 MP: 0/8
  2545 | D:3      | Found a blossoming altar of Fedhas.
  2841 | D:3      | Noticed Jessica
  2846 | D:3      | Killed Jessica
  3180 | D:3      | Reached XP level 5. HP: 21/28 MP: 9/9
  3883 | D:4      | Noticed Edmund
  3902 | D:4      | Reached skill level 1 in Fighting
  3902 | D:4      | Reached skill level 5 in Earth Magic
  3925 | D:4      | Reached skill level 1 in Conjurations
  4276 | D:4      | Found Jootof's Jewellery Boutique.
  4316 | D:4      | Reached skill level 1 in Maces & Flails
  4316 | D:4      | Reached XP level 6. HP: 34/34 MP: 3/10
  4592 | D:4      | Found an oddly glowing altar of Pakellas.
  4662 | D:4      | Gained mutation: You can translocate small distances at will. [potion of mutation]
  4662 | D:4      | Gained mutation: You are frail (-10% HP). [potion of mutation]
  4757 | D:4      | Noticed a wyvern
  5038 | D:4      | Slain by a wyvern

Skill      XL: |  1  2  3  4  5  6 |
---------------+-------------------+-----
Earth Magic    | 4 5 |  5.5
Dodging        | 2 3 |  3.2
Fighting       | 1 |  1.6
Conjurations   | 1 |  1.9
Spellcasting   | 3 |  3.3
Maces & Flails | 1 |  1.2
Stealth        | |  2.8
Transmutations | |  0.7
Evocations     | |  0.1

Action                   |  1- 3 |  4- 6 || total
-------------------------+-------+-------++-------
Melee: Club              |    70 |   162 ||   232
       Dagger            |     3 |       ||     3
 Cast: Sandblast         |    26 |    17 ||    43
       Stone Arrow       |     6 |    40 ||    46
Evoke: Wand              |       |     1 ||     1
  Use: Scroll            |     3 |     9 ||    12
       Potion            |     1 |     3 ||     4
 Stab: Sleeping          |     2 |       ||     2
  Eat: Chunk             |     4 |    10 ||    14
       Bread ration      |       |     2 ||     2
Armor: Robe              |    40 |    66 ||   106
Dodge: Dodged            |    70 |   120 ||   190
